 Dungeon Sprint DCSS version 0.18-a0-33-g9e10395 (console) character file.

95 Kellhus the Carver (level 4, 0/37 HPs)
             Began as a Demigod Fighter on Nov 5, 2015.
             Slain by a steam dragon (4 damage)
             ... in the Dungeon (Sprint IX: "|||||||||||||||||||||||||||||").
             The game lasted 00:00:28 (158 turns).

Kellhus the Carver (Demigod Fighter)                 Turns: 158, Time: 00:00:28

Health: 0/37       AC:  6    Str: 19    XL:     4   Next: 17%
Magic:  6/6        EV:  7    Int: 12    God:
Gold:   0          SH:  9    Dex: 17    Spells: 0 memorised, 3 levels left

rFire  . . .     SeeInvis .     a - +0 long sword
rCold  . . .     Clarity  .     b - +0 scale mail
rNeg   . . .     SustAt   +     c - +0 shield
rPois  .         Gourm    .     (no helmet)
rElec  .         Spirit   .     (no cloak)
rCorr  .         Warding  .     (no gloves)
rMut   .         NoTele   +     (no boots)
MR     .....                    (no amulet)
Stlth  ..........               (no ring)
                                (no ring)

@: not resistant to hostile enchantments, extremely unstealthy
A: high mp 1, sustain attributes
a: no special abilities


You were in the Dungeon.
You were not hungry.

You visited 1 branch

Inventory:

Hand Weapons
 a - a +0 long sword (weapon)
Armour
 b - a +0 scale mail (worn)
 c - a +0 shield (worn)
 p - a +0 pair of gloves
 q - a +0 cloak
Jewellery
 r - a +2 ring of evasion
Wands
 o - a wand of cold (7)
Scrolls
 k - 2 scrolls of blinking
 m - 3 scrolls of remove curse
 n - 2 scrolls of amnesia
Potions
 d - a potion of might
 f - 5 potions of curing
 g - 3 potions of heal wounds
 h - a potion of haste
 i - 4 potions of magic
Comestibles
 e - a bread ration
 l - 10 chunks of flesh


   Skills:
 - Level 2.6 Fighting
 + Level 8.2 Long Blades
 - Level 2.6 Armour
 - Level 2.6 Shields


You had 3 spell levels left.
You didn't know any spells.

Dungeon Overview and Level Annotations

Branches:
Dungeon (1/1)


Innate Abilities, Weirdness & Mutations

You have an increased reservoir of magic (+10% MP).
Your attributes are resistant to harm.


Message History

You are engulfed in a cloud of scalding steam.
The steam dragon bites you but does no damage.
You block the steam dragon's attack. The steam dragon bites you.
The steam dragon claws you.
You hit the steam dragon.
The steam dragon is lightly wounded.
You are engulfed in a cloud of scalding steam.
You block the steam dragon's attack. The steam dragon claws you.
You hit the steam dragon but do no damage.
The steam dragon is lightly wounded.
You are engulfed in a cloud of scalding steam.
* * * LOW HITPOINT WARNING * * *
The steam dragon bites you.
* * * LOW HITPOINT WARNING * * *
The steam dragon claws you but does no damage.
You hit the steam dragon but do no damage.
The steam dragon is lightly wounded.
You are engulfed in a cloud of scalding steam.
* * * LOW HITPOINT WARNING * * *
The steam dragon bites you.
You die...

▓_▓
▓'▓
▓!▓
▓.▓
▓|▓
▓)▓
▓.▓
▓.▓
▓[▓
▓=▓
▓@▓
▓D▓
▓o▓
▓a▓
▓c▓
▓Z▓
▓O▓
▓.▓


You could see a steam dragon, an ogre, a centaur, a worker ant, an orc and a bat
skeleton.

Vanquished Creatures
  A centaur (D)
  A gnoll (D)
  3 bat skeletons (D)
  A goblin (D)
  A hobgoblin (D)
  A kobold (D)
  A ball python (D)
  A rat (D)
10 creatures vanquished.

Notes
Turn   | Place    | Note
--------------------------------------------------------------
     0 | D        | Kellhus the Demigod Fighter began the quest for the Orb.
     0 | D        | Reached XP level 1. HP: 18/18 MP: 3/3
    14 | D        | Reached skill level 3 in Long Blades
    47 | D        | Noticed a centaur
    51 | D        | Reached skill level 4 in Long Blades
    51 | D        | Reached XP level 2. HP: 25/25 MP: 4/4
    56 | D        | Killed a centaur
    56 | D        | Reached skill level 8 in Long Blades
    56 | D        | Reached XP level 3. HP: 29/30 MP: 5/5
    56 | D        | Reached XP level 4. HP: 35/37 MP: 6/6
   113 | D        | Found a glowing silver altar of Zin.
   113 | D        | Found a glowing golden altar of the Shining One.
   113 | D        | Found an ancient bone altar of Kikubaaqudgha.
   113 | D        | Found a basalt altar of Yredelemnul.
   113 | D        | Found a shimmering altar of Xom.
   113 | D        | Found a radiant altar of Vehumet.
   114 | D        | Found an iron altar of Okawaru.
   115 | D        | Found a burning altar of Makhleb.
   116 | D        | Found a deep blue altar of Sif Muna.
   117 | D        | Found a bloodstained altar of Trog.
   118 | D        | Found a sparkling altar of Nemelex Xobeh.
   119 | D        | Found a white marble altar of Elyvilon.
   120 | D        | Found a roughly hewn altar of Beogh.
   121 | D        | Found a viscous altar of Jiyva.
   122 | D        | Found a corrupted altar of Lugonu.
   123 | D        | Found a blossoming altar of Fedhas.
   124 | D        | Found a snail-covered altar of Cheibriados.
   125 | D        | Found a shadowy altar of Dithmenos.
   126 | D        | Found a stormy altar of Qazlal.
   127 | D        | Found an opulent altar of Gozag.
   128 | D        | Found a sacrificial altar of Ru.
   153 | D        | Noticed a steam dragon
   153 | D        | Noticed a centaur
   153 | D        | Noticed an ogre
   158 | D        | Slain by a steam dragon

Vault maps used:
D:        linesprint

Action                   |  1- 3 |  4- 6 || total
-------------------------+-------+-------++-------
Melee: Long sword        |    18 |     8 ||    26
  Use: Potion            |     1 |       ||     1
